cohdb
Replays
Latest Replays
All Replays
Popular Replays
Top Player Replays
Match Explorer
How It Works
Community
CoH3 Stats
Reddit
Sign in to upload your games and track your stats! →
Sign in with Steam
Match 45238178
Unlisted
Match 45238178
Overview
Messages
Build Orders
End
Construct Weapon Support Center
Scout Squad
Selects Special Operations Battlegroup
Selects M29 Weasel Recon Vehicle
M1919 Machine Gun Team
M1919 Machine Gun Team
M1919 Machine Gun Team
Mechanized Support Center
M3 Armored Personnel Carrier
Construct Medical Station
Scout Squad
Selects Mark Vehicle
Selects UNKNOWN (2162291)
M1919 Machine Gun Team
Engineer Squad
Selects Raiding Flares
Construct Tank Depot
.30 cal Machine Gun
M4A1 Sherman Whizbang
Selects SSF Commando Squad
Designate Forward Repair Station
Raiding Flares
M4A1 Sherman Whizbang
M4(105) Sherman Bulldozer
玉米
blackwolf
Hansizzle
윤석열
mentoss
dkdkabc
じゃんじゃん
Sobieski
0
0
Comments
sign in to comment!
No comments posted yet!